 Dungeon Crawl Stone Soup version 0.28.0-53-g5a82cb258f (webtiles) character file.

Game seed: 1982854903820671574

808 quokkamancerX the Cleaver (level 7, 0/100 HPs)
             Began as a Naga Berserker on July 8, 2022.
             Was a Believer of Trog.
             Succumbed to a killer bee's poison
             ... on level 7 of the Dungeon.
             The game lasted 00:11:46 (3603 turns).

quokkamancerX the Cleaver (Naga Berserker)          Turns: 3603, Time: 00:11:47

Health: 0/100      AC: 23    Str: 21    XL:     7   Next: 92%
Magic:  7/7        EV:  1    Int:  7    God:    Trog [**....]
Gold:   80         SH:  6    Dex: 11    Spells: 6/6 levels left

rFire   . . .      SeeInvis +   a - +0 hand axe
rCold   . . .      Faith    .   o - +0 kite shield
rNeg    . . .      Spirit   .   (armour currently unavailable)
rPois   +          Reflect  .   (helmet currently unavailable)
rElec   .          Harm     .   (cloak currently unavailable)
rCorr   .          Rampage  .   (gloves currently unavailable)
Will    .....      NoTele   +   (no barding)
Stlth   +.........              (no amulet)
HPRegen 0.26/turn               (no ring)
MPRegen 0.10/turn               (no ring)

@: lethally poisoned (0 -> -2), tree-form, on berserk cooldown, slowed, very
slow
A: stationary, stasis, torment immunity, boosted hp, AC +2, large, see
invisible, (deformed body), (poison resistance), (slowness 2), spit poison 1,
(naga tail 1)
a: Spit Poison, Renounce Religion, Berserk, Trog's Hand


You were on level 7 of the Dungeon.
You worshipped Trog.
Trog was pleased with you.
You were a tree.
You visited 1 branch of the dungeon, and saw 5 of its levels.

You collected 80 gold pieces.

Inventory:

Hand Weapons
 a - a +0 hand axe (weapon)
Missiles
 b - 6 poisoned darts
 e - 2 throwing nets
Armour
 f - a +0 ring mail (melded)
 l - a +0 helmet (melded)
 o - a +0 kite shield (worn)
Wands
 t - a wand of flame (27)
Scrolls
 d - a scroll of vulnerability {unknown}
 g - a scroll of summoning {unknown}
 h - a scroll of brand weapon {unknown}
 k - a scroll of fog {unknown}
 n - a scroll of enchant weapon {unknown}
 p - a scroll of amnesia {unknown}
 r - a scroll of noise {unknown}
 s - a scroll of teleportation {unknown}
 u - a scroll of fear
 W - a scroll of enchant armour
Potions
 q - a potion of cancellation


   Skills:
 + Level 5.2 Fighting
 - Level 8.0 Axes
 - Level 1.5 Armour
 - Level 1.5 Dodging


You had 6 spell levels left.
You didn't know any spells.
Your spell library was empty.

Dungeon Overview and Level Annotations

Branches:
Dungeon (4/15)
 Temple: D:4-7

Altars:


Innate Abilities, Weirdness & Mutations

You are a tree.
Your roots penetrate the ground, keeping you stationary.
You cannot be teleported.
You are immune to unholy pain and torment.
Your maximum health is greatly increased.
Your equipment is partially melded.
((Your serpentine skin is tough. (AC +2)))
You have supernaturally acute eyesight. (SInv)
((Armour fits poorly on your strangely shaped body.))
((Your system is resistant to poisons. (rPois)))
((You cover ground very slowly.))
You can spit poison.
((You have a snake-like lower body.))


Message History

The killer bee stings you but does no damage.
The killer bee stings you.
* * * LOW HITPOINT WARNING * * *
You slash the killer bee!
The killer bee is severely wounded.
Your skin stops crawling.
You feel less strong-willed.
You feel sick. You block the killer bee's attack. The killer bee stings you.
* * * LOW HITPOINT WARNING * * *
You are lethally poisoned!
The killer bee poisons you! The killer bee stings you.
* * * LOW HITPOINT WARNING * * *
It was a potion of lignification.
You turn into a tree.
Your +0 helmet melds into your body.
Your +0 ring mail melds into your body.
Your roots penetrate the ground.
* * * LOW HITPOINT WARNING * * *
You feel very sick. You block the killer bee's attack.
The killer bee stings you but does no damage. x2
You miss the killer bee.
The killer bee is severely wounded.
* * * LOW HITPOINT WARNING * * *
You feel very sick. The killer bee stings you.
* * * LOW HITPOINT WARNING * * *
You block the killer bee's attack. The killer bee stings you.
* * * LOW HITPOINT WARNING * * *
You closely miss the killer bee.
The killer bee is severely wounded.
* * * LOW HITPOINT WARNING * * *
You feel sick.
The killer bee stings you but does no damage. x3
You hit the killer bee but do no damage.
The killer bee is severely wounded.
* * * LOW HITPOINT WARNING * * *
You feel sick.
The killer bee stings you but does no damage. x2
You block the killer bee's attack.
You miss the killer bee.
The killer bee is severely wounded.
You die...

#.###
c...#
.....
#.#Z#
#.#y#
#.#y#
#.#♣##
#....#
#...##..#
.....
......
###.
###...##
# ....#
....).
...[...
.....##


You could see 2 killer bees and a bullfrog skeleton.

Vanquished Creatures
  Grinder (D:3)
  Sigmund (D:4)
  An ogre (D:4)
  2 killer bees (D:7)
  A centaur skeleton (D:7)
  Jessica (D:2)
  An iguana (D:7)
  Natasha (thrice) (D:3)
  A hound skeleton (D:4)
  Robin (D:2)
  4 adders
  2 adder skeletons (D:4)
  2 worms
  A dart slug (D:1)
  4 ball pythons
  4 bats
  4 endoplasms
  3 giant cockroaches
  16 goblins
  4 hobgoblins
  3 jackals
  6 kobolds
  A quokka (D:1)
  6 frilled lizards
  2 rats (D:1)
75 creatures vanquished.

Notes
Turn   | Place    | Note
-------+----------+-------------------------------------------
     0 | D:1      | quokkamancerX the Naga Berserker began the quest for the
                  | Orb.
     0 | D:1      | Reached XP level 1. HP: 21/21 MP: 1/1
   272 | D:1      | Reached XP level 2. HP: 24/28 MP: 2/2
   613 | D:1      | Found a faded altar of an unknown god.
   839 | D:1      | Reached skill level 4 in Axes
   928 | D:1      | Reached XP level 3. HP: 30/34 MP: 3/3
  1360 | D:2      | Noticed Jessica
  1365 | D:2      | Killed Jessica
  1366 | D:2      | Reached skill level 5 in Axes
  1366 | D:2      | Reached XP level 4. HP: 38/42 MP: 4/4
  1673 | D:2      | Noticed Robin
  1674 | D:2      | Reached ** piety under Trog
  1690 | D:2      | Killed Robin
  2123 | D:2      | Reached XP level 5. HP: 47/49 MP: 5/5
  2534 | D:3      | Noticed Grinder
  2546 | D:3      | Killed Grinder
  2547 | D:3      | Reached skill level 7 in Axes
  2547 | D:3      | Reached XP level 6. HP: 56/56 MP: 6/6
  2598 | D:3      | Noticed Natasha
  2602 | D:3      | Killed Natasha
  2861 | D:3      | Noticed Natasha
  2873 | D:3      | Killed Natasha
  2925 | D:3      | Noticed Natasha
  2935 | D:3      | Killed Natasha
  3368 | D:4      | Reached XP level 7. HP: 62/62 MP: 7/7
  3390 | D:4      | Reached skill level 8 in Axes
  3472 | D:4      | Noticed Sigmund
  3480 | D:4      | Killed Sigmund
  3570 | D:4      | You fall into a shaft and drop 3 floors!
  3585 | D:7      | Reached skill level 5 in Fighting
  3594 | D:7      | HP: 5/100 [poisoned by a killer bee]
  3600 | D:7      | HP: 4/100 [killer bee (2)]
  3602 | D:7      | HP: 1/100 [poisoned by a killer bee]
  3603 | D:7      | Succumbed to a killer bee's poison

Illustrated notes

Levels and vault maps discovered:
D:1:      eino_arrival_cavern_b, layout_loops_cross,
          ebering_ecumenical_altar_abandoned
D:2:      layout_basic, minmay_mini_jars, uniq_robin, uniq_jessica
D:3:      layout_loops_ring, uniq_grinder, uniq_natasha
D:4:      layout_basic, lemuel_crystal_altar, uniq_sigmund
D:7:      layout_loops_ring, mainiacjoe_overflow_six_doors_small,
          gammafunk_temple_overflow_statue, enter_bailey_4, uniq_maggie

Skill      XL: |  1  2  3  4  5  6  7 |
---------------+----------------------+-----
Axes           | 4 5 7 8 |  8.0
Fighting       | 5 |  5.2
Armour         | |  1.5
Dodging        | |  1.5

Action                   |  1- 3 |  4- 6 |  7- 9 || total
-------------------------+-------+-------+-------++-------
Melee: Hand axe          |    46 |    98 |    52 ||   196
Invok: Berserk           |       |     4 |     2 ||     6
       Trog's Hand       |       |     1 |     2 ||     3
 Abil: Spit Poison       |    22 |    13 |     3 ||    38
  Use: Scroll            |       |       |     5 ||     5
       Potion            |       |       |     2 ||     2
Armor: Animal skin       |     4 |       |       ||     4
       Ring mail         |    17 |    31 |    25 ||    73
       Skin              |       |       |     7 ||     7
Dodge: Dodged            |    28 |    36 |    29 ||    93
Block: Kite shield       |       |    36 |    19 ||    55
